 Dungeon Crawl Stone Soup version 0.27-a0-46-g34d46f0a3f (webtiles) character file.

Game seed: 630091558286292593

611 Borgoz the Ruffian (level 7, -1/61 HPs)
             Began as a Ghoul Gladiator on Jan 6, 2021.
             Killed by divine providence
             ... invoked by an orc priest
              (10 damage)
             ... on level 4 of the Dungeon.
             The game lasted 00:03:51 (3102 turns).

Borgoz the Ruffian (Ghoul Gladiator)                Turns: 3102, Time: 00:03:52

Health: -1/61      AC:  6    Str: 16 (18) XL:     7   Next: 44%
Magic:  6/6        EV: 13    Int:  1 (3)  God:
Gold:   199        SH:  0    Dex: 12      Spells: 6/6 levels left

rFire    + . .     SeeInvis .     - Unarmed
rCold    + . .     Faith    .   (no shield)
rNeg     + + +     Spirit   .   f - +0 ring mail
rPois    ∞         Reflect  .   b - +0 helmet
rElec    .         Harm     .   (no cloak)
rCorr    .         Rampage  .   (no gloves)
Will     .....                  (no boots)
Stlth    +.........             p - amulet of the acrobat
HPRegen  0.00/turn              k - ring of protection from fire
MPRegen  0.10/turn              (no ring)

@: no status effects
A: claws 1, cold resistance 1, negative energy resistance 3, inhibited
regeneration, torment resistance, unbreathing
a: no special abilities


You were on level 4 of the Dungeon.
You visited 1 branch of the dungeon, and saw 4 of its levels.

You collected 199 gold pieces.

Inventory:

Missiles
 c - 2 throwing nets (quivered)
Armour
 b - a +0 helmet (worn)
 f - a +0 ring mail (worn)
Jewellery
 k - a ring of protection from fire (left claw)
 p - an amulet of the acrobat (around neck)
Wands
 e - a wand of digging (5)
Scrolls
 a - 2 scrolls of teleportation
 h - a scroll of noise {unknown}
 l - 2 scrolls of identify
Potions
 g - a potion of brilliance
 i - 2 potions of magic


   Skills:
 + Level 5.3 Fighting
 - Level 1.7 Throwing
 + Level 4.9 Dodging
 + Level 5.9 Unarmed Combat


You had 6 spell levels left.
You didn't know any spells.
Your spell library was empty.

Dungeon Overview and Level Annotations

Branches:
Dungeon (4/15)
 Temple: D:4-7

Altars:
Ashenzari
Makhleb
Qazlal
Sif Muna


Innate Abilities, Weirdness & Mutations

You thrive by killing the living.
You are immune to poison.
You have sharp fingernails.
Your flesh is cold resistant. (rC+)
You are immune to negative energy. (rN+++)
You do not regenerate when monsters are visible.
You are immune to unholy pain and torment.
You can survive without breathing.


Message History

The orc priest barely misses you.
You scratch the orc priest.
The orc priest is moderately wounded.
The orc priest barely misses you.
You closely miss the orc priest.
The orc priest is moderately wounded.
The orc priest calls upon Beogh to heal the orc priest.
The orc priest's wounds heal themselves!
The orc hits you but does no damage. The orc priest misses you.
You closely miss the orc priest.
The orc priest invokes the aid of Beogh against you.
Beogh smites you!
* * * LOW HITPOINT WARNING * * *
The orc hits you.
* * * LOW HITPOINT WARNING * * *
You claw the orc priest!
The orc priest is almost dead.
The orc priest calls down the wrath of Beogh upon you.
Beogh smites you!
You die...

.# ... #....# #....>##'## .# ..
#....# #.....#..# .# .. #....#
#.......## #######.
##...#######.#..###
###..##'###...##...##.####
#.....#................#
#.....#................#
#.....#................#
#.....#........)@o...?.# ##
#.....#.......##oo...).# #.
#.....#.......##'#####.#########.
#...###.......##.......#.......#.
#...###.......##......#..........
..............#.......#..........
..............#.......#..........
..............#...?...#..........
..............+.......#..........


You could see 2 orc priests and an orc.

Vanquished Creatures
  A phantom (D:4)
  An ogre (D:4)
  2 scorpions
  A howler monkey (D:4)
  A crimson imp (D:4)
  An orc priest (D:4)
  Natasha (D:4)
  3 orc wizards
  A worker ant (D:4)
  3 gnolls (D:3)
  An adder (D:2)
  A white imp (D:4)
  3 worms (D:2)
  2 dart slugs
  2 leopard geckos
  4 orcs
  4 bats
  3 giant cockroaches
  7 goblins
  5 hobgoblins
  2 jackals (D:4)
  2 quokkas
  A ball python (D:3)
  6 frilled lizards
  A kobold (D:1)
  6 rats
65 creatures vanquished.

Notes
Turn   | Place    | Note
-------+----------+-------------------------------------------
     0 | D:1      | Borgoz the Ghoul Gladiator began the quest for the Orb.
     0 | D:1      | Reached XP level 1. HP: 17/17 MP: 0/0
   292 | D:1      | Reached XP level 2. HP: 19/25 MP: 1/1
   886 | D:2      | Found a broken altar of Ashenzari.
   886 | D:2      | Found a stormy altar of Qazlal.
   886 | D:2      | Found a shimmering blue altar of Sif Muna.
   894 | D:2      | Reached XP level 3. HP: 30/30 MP: 2/2
  1993 | D:3      | Reached XP level 4. HP: 38/38 MP: 3/3
  2355 | D:4      | Noticed Natasha
  2366 | D:3      | Reached XP level 5. HP: 37/45 MP: 4/4
  2513 | D:4      | Killed Natasha
  2527 | D:3      | Reached XP level 6. HP: 24/52 MP: 5/5
  2697 | D:4      | Reached skill level 5 in Unarmed Combat
  2753 | D:4      | Noticed a phantom
  2806 | D:4      | Killed a phantom
  2825 | D:4      | Reached skill level 5 in Fighting
  2825 | D:4      | Reached XP level 7. HP: 59/61 MP: 6/6
  3020 | D:4      | Found a burning altar of Makhleb.
  3102 | D:4      | Killed from afar by an orc priest

Illustrated notes

Levels and vault maps discovered:
D:1:      minmay_arrival_solitary_statue, layout_loops_corners
D:2:      layout_loops_ring, gammafunk_temple_overflow_claw
D:3:      layout_basic, minivault_14
D:4:      layout_gridville, makhleb_grotto_becter, uniq_natasha, uniq_robin

Skill      XL: |  1  2  3  4  5  6 |
---------------+-------------------+-----
Dodging        | 3 4 |  4.9
Fighting       | 3 4 5 |  5.3
Unarmed Combat | 4 5 |  5.9
Throwing       | |  1.7

Action                   |  1- 3 |  4- 6 |  7- 9 || total
-------------------------+-------+-------+-------++-------
Melee: Unarmed           |   125 |   128 |    44 ||   297
       Punch             |     1 |     1 |       ||     2
Throw: Throwing net      |       |     1 |       ||     1
  Use: Scroll            |    12 |     1 |       ||    13
       Potion            |       |     5 |     2 ||     7
 Stab: Held in net/web   |       |     1 |       ||     1
Armor: Leather armour    |     1 |       |       ||     1
       Ring mail         |    27 |    51 |     9 ||    87
Dodge: Dodged            |    62 |   111 |    26 ||   199

Table legend: (Time is in decaauts)
 A = Elapsed time spent in this place.
 B = Non-inter-level travel time spent in this place.
 C = Inter-level travel time spent in this place.
 D = Time resting spent in this place.
 E = Time spent auto-exploring this place.
 F = Levels seen in this place.
 G = Mean time per level.
                   A        B        C        D        E       F      G
               +--------+--------+--------+--------+--------+-----+--------+
         Total |   3081 |   2996 |     85 |    375 |   2058 |   4 |  770.2 |
       Dungeon |   3081 |   2996 |     85 |    375 |   2058 |   4 |  770.2 |
               +--------+--------+--------+--------+--------+-----+--------+

Top non-repeatable levels by time:
     D:2: 983 daAuts
     D:3: 837 daAuts
     D:1: 823 daAuts
     D:4: 436 daAuts
